Map: Dusk Towers

Players

IlIlIIlIIlIl

  • Race: Terran Terran
  • League: Master

Miszu - Winner!

  • Race: Terran Terran
  • League: Master

VOD

Have the link to the VOD?

Description

Time

  • Played on: April 5, 2016, 3:02 p.m.
  • Length: 12:42
Show
View Real Time Build Order
Export as new Build Order

IlIlIIlIIlIl Terran 

Build Orders: Bio Tank 

Get SALT Encoding   

  12  0:01  SCV  
  13  0:13  SCV  
  14  0:17  Supply Depot  
  14  0:25  SCV  
  15  0:39  SCV  
  15  0:40  Barracks  
  16  0:44  Refinery  
  16  0:51  SCV  
  17  1:03  SCV  
  18  1:15  SCV  
  19  1:28  Orbital Command  
  20  1:45  Barracks Reactor  
  19  1:48  Command Center  
  19  1:56  SCV  
  19  2:00  Supply Depot  
  20  2:07  Factory  
  20  2:08  SCV  
  21  2:21  SCV  
  21  2:22  Marine x2, Refinery  
  24  2:33  SCV  
  25  2:39  Marine x2  
  27  2:45  SCV  
  27  2:51  Widow Mine  
  28  2:52  Starport  
  28  2:57  Marine  
  31  2:59  Marine  
  31  3:00  SCV, Orbital Command  
  33  3:12  SCV  
  34  3:15  Marine  
  34  3:16  Supply Depot  
  34  3:17  Marine  
  36  3:20  Factory Tech Lab  
  36  3:24  SCV  
  37  3:28  Medivac  
  37  3:29  SCV  
  40  3:35  Supply Depot  
  40  3:36  SCV  
  40  3:40  Siege Tank  
  44  3:44  Marine x2  
  44  3:46  SCV  
  47  3:48  SCV  
  47  3:52  Supply Depot  
  48  3:58  Viking  
  48  4:02  SCV x2  
  52  4:04  Marine x2  
  54  4:14  SCV  
  55  4:18  SCV  
  55  4:21  Marine x2  
  55  4:23  Siege Tank  
  61  4:26  SCV  
  56  4:49  Command Center  
  56  4:52  Engineering Bay, SCV x2  
  58  4:54  Refinery  
  58  4:56  Viking  
  60  5:04  SCV x2  
  60  5:11  Refinery, Barracks Tech Lab  
  58  5:16  Siege Tank, Barracks, SCV x2  
  58  5:17  Barracks  
  63  5:22  Terran Infantry Weapons Level 1  
  63  5:26  Missile Turret  
  63  5:28  SCV x2, Missile Turret  
  63  5:31  Supply Depot x2  
  65  5:35  Starport Reactor  
  65  5:36  Stimpack  
  65  5:40  SCV x2  
  67  5:56  Siege Tank, SCV  
  67  5:57  SCV  
  71  5:58  Barracks  
  71  5:59  Barracks  
  71  6:02  Orbital Command  
  71  6:05  Barracks Reactor x2  
  71  6:08  Marine  
  71  6:09  SCV x2  
  74  6:16  Medivac x2  
  78  6:21  SCV x2  
  78  6:25  Orbital Command  
  80  6:29  Siege Tank  
  83  6:33  SCV x2  
  83  6:37  Marine  
  83  6:39  Supply Depot  
  86  6:42  Marine x4  
  86  6:45  SCV x2  
  86  6:46  Medivac x2  
  96  6:49  Barracks Reactor  
  96  6:53  Refinery  
  96  6:56  Marine  
  96  6:57  Refinery, SCV x2  
  96  7:00  Marine  
  100  7:01  Siege Tank  
  100  7:05  Marine  
  104  7:09  SCV x3  
  107  7:15  Supply Depot  
  107  7:16  Terran Infantry Armor Level 1  
  107  7:18  Supply Depot  
  107  7:19  Supply Depot  
  107  7:21  SCV x2  
  109  7:37  Marine x3, Medivac, SCV x3, Combat Shields  
  109  7:39  Marine, Medivac  
  109  7:42  Marine  
  121  7:49  Supply Depot x2  
  121  7:50  Marine, Missile Turret  
  121  7:51  Supply Depot, Marine x3  
  125  7:53  Supply Depot, Siege Tank  
  125  7:54  Marine x3  
  131  7:59  Engineering Bay, Armory  
  131  8:01  Marine x2  
  132  8:08  Marine  
  132  8:10  Marine, Medivac x2  
  138  8:14  Marine  
  135  8:20  Marine  
  135  8:21  Marine  
  135  8:22  Marine  
  135  8:23  Marine x3  
  135  8:26  Marine  
  117  8:28  Marine  
  117  8:32  Marine  
  113  8:38  Marine  
  113  8:39  Marine  
  113  8:40  Marine  
  113  8:41  Marine x3  
  118  8:44  Marine  
  118  8:46  Marine  
  118  8:48  Siege Tank  
  124  8:50  Marine, Terran Vehicle Weapons Level 1, Terran Infantry Weapons Level 2  
  124  8:54  SCV x2  
  127  8:56  Marine  
  127  8:57  Marine  
  127  8:58  Marine  
  127  8:59  Marine x3  
  127  9:01  Marine  
  134  9:03  Marine  
  134  9:07  Missile Turret x2  
  134  9:08  Marine, Missile Turret  
  136  9:11  Medivac x2  
  136  9:13  Terran Infantry Armor Level 2, Marine, Command Center  
  136  9:14  Marine  
  136  9:16  Marine x3  
  146  9:20  Siege Tank  
  149  9:30  Marine x3  
  151  9:39  Factory  
  151  9:41  Medivac  
  151  9:42  Marine  
  151  9:44  Barracks Reactor  
  154  9:52  Marine x7, Siege Tank  
  162  9:59  Marine  
  165  10:09  Marine  
  165  10:10  Marine x6  
  137  10:17  Marine  
  130  10:26  Marine  
  130  10:27  Marine  
  130  10:28  Marine x6  
  127  10:35  Marine x2  
  118  10:44  Marine  
  118  10:45  Marine  
  118  10:46  Marine x6, Siege Tank  
  118  10:48  Medivac, Siege Tank  
  120  10:53  Marine x2  
  108  10:57  Medivac  
  108  11:02  Marine  
  108  11:03  Marine x7  
  118  11:09  Planetary Fortress  
  118  11:11  Marine x2  
  118  11:17  Command Center  
  118  11:18  Medivac, Siege Tank  
  122  11:19  Marine  
  122  11:20  Siege Tank  
  122  11:21  Marine x2  
  130  11:27  Medivac  
  132  11:36  Marine  
  133  11:48  Medivac  
  133  11:51  Siege Tank  
  133  11:52  Siege Tank  
  141  11:54  Marine  
  141  11:59  Marine x9  
  118  12:12  Marine  
  109  12:17  Marine x9  
Show
View Real Time Build Order
Export as new Build Order

Miszu Terran - Winner!

Build Orders: Bio Tank 

Get SALT Encoding   

  12  0:00  SCV  
  13  0:13  SCV  
  14  0:17  Supply Depot  
  14  0:25  SCV  
  15  0:39  SCV  
  15  0:41  Barracks  
  16  0:44  Refinery  
  16  0:51  SCV  
  17  1:03  SCV  
  18  1:15  SCV  
  19  1:27  Orbital Command  
  19  1:33  Marine  
  19  1:37  Command Center  
  20  1:44  Supply Depot  
  20  1:51  Marine  
  21  1:54  SCV  
  21  1:57  Refinery  
  22  2:06  SCV  
  23  2:11  Factory  
  23  2:18  SCV  
  24  2:26  Marine  
  25  2:33  SCV  
  26  2:46  SCV  
  26  2:49  Marine  
  28  2:53  Orbital Command  
  29  2:58  SCV  
  29  2:59  Starport  
  29  3:07  Marine  
  29  3:10  SCV  
  31  3:13  Factory Tech Lab  
  32  3:20  SCV  
  32  3:22  SCV  
  32  3:25  Barracks Reactor  
  33  3:32  SCV  
  34  3:34  SCV  
  34  3:36  Engineering Bay  
  34  3:40  Supply Depot  
  35  3:43  Viking  
  35  3:44  SCV  
  35  3:45  Cyclone  
  35  3:46  SCV  
  42  3:56  SCV  
  42  3:59  SCV  
  44  4:03  Supply Depot  
  44  4:08  Command Center, SCV  
  45  4:11  SCV  
  46  4:20  SCV  
  46  4:23  SCV  
  48  4:25  Medivac, Siege Tank  
  48  4:26  Supply Depot  
  53  4:32  SCV  
  53  4:35  SCV  
  50  4:44  SCV  
  48  4:47  SCV  
  48  4:52  Barracks  
  49  4:54  Refinery, Barracks  
  49  4:56  SCV  
  49  4:57  Terran Infantry Weapons Level 1  
  49  4:59  SCV  
  51  5:00  Starport Reactor, Refinery  
  51  5:08  SCV  
  51  5:11  SCV  
  51  5:13  Marine x2  
  55  5:18  Engineering Bay  
  55  5:21  SCV  
  56  5:23  SCV  
  56  5:25  Barracks  
  56  5:27  Barracks  
  57  5:30  Orbital Command  
  57  5:33  SCV  
  58  5:35  SCV  
  58  5:36  Marine  
  60  5:43  Barracks Tech Lab, Siege Tank  
  60  5:44  Barracks Tech Lab  
  60  5:45  SCV  
  60  5:47  Terran Infantry Armor Level 1, SCV  
  65  5:51  Armory  
  65  5:53  Marine  
  66  6:01  Marine x2  
  66  6:02  Stimpack, Combat Shields, Orbital Command  
  66  6:03  Marine  
  69  6:05  SCV  
  69  6:06  SCV  
  71  6:11  Marine  
  71  6:17  Barracks Reactor x2, SCV  
  71  6:18  Medivac  
  75  6:19  Marine, Reaper  
  75  6:20  SCV  
  78  6:27  SCV  
  78  6:28  Marine  
  78  6:29  Marine, SCV  
  78  6:31  Siege Tank  
  85  6:46  Supply Depot x2  
  85  6:49  Supply Depot, Terran Vehicle Weapons Level 1  
  85  7:01  Refinery  
  85  7:02  Refinery  
  85  7:03  Terran Infantry Weapons Level 2  
  85  7:07  Marine x5, SCV  
  85  7:08  Marine x2, SCV x2  
  95  7:09  Supply Depot  
  95  7:10  Supply Depot, Medivac  
  95  7:14  Marine, Medivac  
  100  7:20  SCV x3  
  103  7:25  Marine x2  
  103  7:26  Marine x2  
  107  7:32  SCV x3  
  107  7:33  Supply Depot  
  107  7:35  Supply Depot  
  107  7:36  Factory  
  110  7:40  Medivac  
  110  7:44  Medivac, SCV x3  
  117  7:45  Marine x2  
  117  7:46  Marine x6  
  125  7:56  SCV  
  125  8:00  Supply Depot, Terran Infantry Armor Level 2  
  125  8:01  SCV x2  
  125  8:02  Supply Depot  
  125  8:03  Marine x3  
  130  8:08  SCV  
  128  8:18  Marauder  
  127  8:21  Marine  
  127  8:22  Marine x5, Marauder  
  127  8:23  Supply Depot  
  127  8:24  Supply Depot  
  107  8:35  Siege Tank  
  107  8:38  Marine  
  107  8:39  Marine x2  
  107  8:40  Marine x4, Factory Tech Lab  
  110  8:51  Medivac x2  
  113  8:56  Marine  
  113  8:57  Marine x2  
  113  8:58  Marine x4  
  113  9:01  Missile Turret  
  113  9:02  Marine, Missile Turret  
  121  9:03  Missile Turret  
  121  9:04  Siege Tank, Missile Turret  
  121  9:07  Command Center, Siege Tank  
  127  9:14  Marine  
  127  9:15  Supply Depot, Marine  
  129  9:20  Marine x6  
  135  9:31  Missile Turret  
  135  9:32  Marine, Missile Turret  
  135  9:33  Marine, Missile Turret  
  135  9:34  Medivac, Missile Turret  
  135  9:35  Medivac  
  135  9:38  Marine x3  
  142  9:39  Supply Depot  
  142  9:45  Terran Infantry Weapons Level 3, Marine  
  143  9:50  Marine  
  145  9:54  Marine, Siege Tank x2  
  152  10:04  Medivac  
  118  10:17  Marine  
  118  10:18  Marine x7  
  116  10:26  Siege Tank  
  119  10:33  Siege Tank  
  119  10:35  Marine x5  
  123  10:36  Marine x3  
  130  10:53  Marine x8  
  130  10:54  Medivac x2  
  141  10:58  Siege Tank  
  141  11:02  Barracks  
  141  11:03  Barracks, Planetary Fortress  
  141  11:04  Barracks  
  144  11:06  Siege Tank  
  144  11:11  Marine x8  
  154  11:24  Medivac  
  154  11:25  Sensor Tower  
  156  11:28  Marine  
  156  11:29  Marine x7, Medivac  
  156  11:30  Siege Tank  
  169  11:46  Marine  
  169  11:47  Marine x6  
  170  11:48  Marine  
  170  11:54  Medivac  
  179  11:59  Medivac  
  169  12:04  Marine x4  
  169  12:05  Marine x3  
  159  12:10  Marine  
  159  12:15  Marine  
  152  12:20  Marine x2  
  152  12:22  Marine x4  
Tags
 
Add a new tag
Caveats
  • Supply blocks, unpowered buildings, or Contaminate may cause inaccurate times.
  • Supply counts are checked every 10 seconds.